 Dungeon Crawl Stone Soup version 0.19.0-19-g8c6edcc (webtiles) character file.

112 vev the Ducker (level 4, -4/27 HPs)
             Began as a Tengu Arcane Marksman on Nov 13, 2016.
             Slain by a bullfrog (7 damage)
             ... on level 3 of the Dungeon.
             The game lasted 00:03:54 (2120 turns).

vev the Ducker (Tengu Arcane Marksman)              Turns: 2120, Time: 00:03:54

Health: -4/27      AC:  5    Str: 13    XL:     4   Next: 95%
Magic:  5/6        EV: 12    Int: 13    God:
Gold:   93         SH:  0    Dex: 13    Spells: 1 memorised, 4 levels left

rFire  . . .     SeeInvis .     m - +4 club
rCold  . . .     Gourm    .     l - +0 ring mail
rNeg   . . .     Faith    .     (no shield)
rPois  .         Spirit   .     (helmet restricted)
rElec  .         Reflect  .     (no cloak)
rCorr  .         Harm     .     (no gloves)
MR     .....                    (boots unavailable)
Stlth  +.........               (no amulet)
                                (no ring)
                                (no ring)

@: no status effects
A: beak, talons 3
a: no special abilities


You were on level 3 of the Dungeon.
You were not hungry.

You visited 1 branch of the dungeon, and saw 3 of its levels.

You collected 93 gold pieces.

Inventory:

Hand Weapons
 a - a +0 hand crossbow
 b - a +0 short sword of freezing
 m - a +4 club (weapon)
Missiles
 d - 11 bolts
Armour
 e - a +0 robe
 l - a +0 ring mail (worn)
Wands
 o - a wand of heal wounds (2/9)
 q - a wand of iceblast (8/15)
Scrolls
 i - 2 scrolls of identify
 j - a scroll of fog {unknown}
 n - a scroll of teleportation {unknown}
Potions
 r - a potion of agility {unknown}
Books
 c - a book of Debilitation

   Spells                             Type                      Level
   a - Corona                         Hexes                        1
   b - Slow                           Hexes                        2
   c - Gell's Gravitas                Hexes/Translocation          3
   d - Inner Flame                    Hexes/Fire                   3
   e - Cause Fear                     Hexes                        4
   f - Leda's Liquefaction            Hexes/Earth                  4
Comestibles
 f - 2 bread rations
 g - 3 fruits
 k - a chunk of flesh
 p - a meat ration


   Skills:
 + Level 2.8 Fighting
 - Level 2.4 Crossbows
 + Level 4.1 Dodging
 - Level 1.0 Spellcasting
 - Level 2.2 Hexes


You had 4 spell levels left.
You knew the following spells:

 Your Spells              Type           Power        Failure   Level  Hunger
a - Corona                Hex            #......      24%         1    ##.....


Dungeon Overview and Level Annotations

Branches:
Dungeon (3/15)

Altars:
Ashenzari
Elyvilon

Annotations:
D:3 Natasha


Innate Abilities, Weirdness & Mutations

You have a beak for a mouth.
You have claws for feet.


Message History

The orc is severely wounded.
The orc misses you.
You closely miss the orc.
The orc is severely wounded.
The orc barely misses you.
You hit the orc.
You kill the orc!
The bullfrog hits you.
* * * LOW HITPOINT WARNING * * *
Casting: Corona
Confirm with . or Enter, or press ? or * to list all spells.
Aiming: Corona
Press: ? - help, Shift-Dir - straight line, f - bullfrog
Aim: a bullfrog (chance to defeat MR: 40%)
The bullfrog is outlined in light.
The bullfrog hits you.
* * * LOW HITPOINT WARNING * * *
It was a potion of cancellation.
You feel magically purged.
The bullfrog hits you but does no damage.
The bullfrog hits you!
You die...

...##....###
...((.)....#######
##..#............#
#..#.......#.##.##
..................#
.#........##+##..(#
...#.....##...##..#
####.....# #..#..#
#.....# #$#.#@.#
.... #..F..#
#$#.#..# #..#..#
...##..# ##+# ...#
...# ..## ##


You could see a bullfrog.

Vanquished Creatures
  Ijyb (D:2)
  3 adders
  A worm (D:2)
  A leopard gecko (D:2)
  An orc (D:3)
  3 giant cockroaches
  11 goblins
  4 hobgoblins
  5 jackals (D:2)
  8 kobolds
  2 ball pythons (D:1)
  6 bats
  2 frilled lizards (D:2)
  4 rats
52 creatures vanquished.

Notes
Turn   | Place    | Note
-------+----------+-------------------------------------------
     0 | D:1      | vev the Tengu Arcane Marksman began the quest for the Orb.
     0 | D:1      | Reached XP level 1. HP: 12/12 MP: 3/3
   119 | D:1      | Reached XP level 2. HP: 16/16 MP: 4/4
   618 | D:1      | Reached skill level 3 in Dodging
   618 | D:1      | Reached XP level 3. HP: 20/20 MP: 5/5
   766 | D:2      | Reached skill level 2 in Fighting
   940 | D:2      | Found a shattered altar of Ashenzari.
  1222 | D:2      | Reached XP level 4. HP: 12/26 MP: 3/6
  1664 | D:2      | Found a white marble altar of Elyvilon.
  1752 | D:3      | Noticed Natasha
  1752 | D:3      | Noticed Ijyb
  1766 | D:2      | Killed Ijyb
  1766 | D:2      | Reached skill level 4 in Dodging
  2109 | D:3      | Noticed a bullfrog
  2120 | D:3      | Slain by a bullfrog

Skill      XL: |  1  2  3  4 |
---------------+-------------+-----
Dodging        | 3 4 |  4.1
Fighting       | 2 |  2.8
Crossbows      | |  2.4
Spellcasting   | |  1.0
Hexes          | |  2.2

Action                   |  1- 3 |  4- 6 || total
-------------------------+-------+-------++-------
Melee: Short sword       |    29 |    25 ||    54
       Kick              |     7 |    11 ||    18
       Peck              |     7 |     9 ||    16
       Club              |       |    23 ||    23
 Fire: Hand crossbow     |    76 |       ||    76
 Cast: Corona            |     8 |     3 ||    11
  Use: Scroll            |     1 |     1 ||     2
       Potion            |       |     4 ||     4
  Eat: Chunk             |     1 |     3 ||     4
Armor: Robe              |     3 |       ||     3
       Ring mail         |    22 |     9 ||    31
       Skin              |       |     2 ||     2
Dodge: Dodged            |    32 |    38 ||    70
